 Dungeon Crawl Stone Soup version 0.28-a0-653-g7e9dba17c3 (webtiles) character file.

Game seed: 687163643648436594

151337 lawman0 the Covert (level 17, -2/137 HPs)
             Began as a Gnoll Delver on Oct 10, 2021.
             Was the Champion of Fedhas.
             Slain by a naga warrior (8 damage)
             ... on level 4 of the Snake Pit on Oct 11, 2021.
             The game lasted 02:00:07 (46245 turns).

lawman0 the Covert (Gnoll Delver)                  Turns: 46245, Time: 02:00:08

Health: -2/137     AC: 24    Str: 12    XL:     17   Next: 55%
Magic:  26/32      EV: 11    Int: 16    God:    Fedhas [******]
Gold:   500        SH: 12    Dex: 16    Spells: 3/39 levels left

rFire   + . .      SeeInvis .   a - +5 demon whip (elec)
rCold   . . .      Faith    .   L - +0 buckler {AC+3}
rNeg    + . .      Spirit   .   q - +2 scale mail "Huteruy" {rElec rN+ Regen+}
rPois   +          Reflect  +   m - +2 helmet
rElec   +          Harm     .   e - +0 cloak
rCorr   .          Rampage  +   K - +1 pair of gloves of Good Intentions {Dex+2}
Will    +....                   P - +1 pair of boots {rampage}
Stlth   ++++......              k - amulet of reflection
HPRegen 1.32/turn               d - ring of protection from fire
MPRegen 0.23/turn               F - ring of poison resistance

@: lethally poisoned (-2 -> -3), silenced, constricted
A: fangs 1, strong nose, distributed training
a: Renounce Religion


You were on level 4 of the Snake Pit.
You worshipped Fedhas.
Fedhas was exalted by your worship.
You visited 6 branches of the dungeon, and saw 29 of its levels.
You visited 1 bazaar.
You also visited: Volcano.

You collected 3262 gold pieces.
You spent 2762 gold pieces at shops.

Inventory:

Hand Weapons
 a - a +5 demon whip of electrocution (weapon)
 b - a +5 fustibalus
Missiles
 i - 4 throwing nets
 p - 3 datura-tipped darts
 w - 106 sling bullets
 z - 3 atropa-tipped darts
 E - 6 curare-tipped darts (quivered)
Armour
 e - a +0 cloak (worn)
 m - a +2 helmet (worn)
 q - the +2 scale mail "Huteruy" (worn) {rElec rN+ Regen+}
   (You bought it in a shop in a bazaar)

   rElec:     It insulates you from electricity.
   rN:        It protects you from negative energy.
   Regen:     It increases your rate of health regeneration.
 K - the +1 pair of gloves of Good Intentions (worn) {Dex+2}
   (You found it on level 7 of the Dungeon)

   Dex:       It affects your dexterity (+2).
 L - a +0 buckler of protection (worn)
 P - a +1 pair of boots of rampaging (worn)
Jewellery
 d - a ring of protection from fire (left hand)
 k - an amulet of reflection (around neck)
 A - an amulet of guardian spirit
 F - a ring of poison resistance (right hand)
Wands
 h - a wand of polymorph (11)
 j - a wand of charming (17)
 u - a wand of paralysis (5)
 y - a wand of iceblast (13)
 G - a wand of flame (31)
 Q - a wand of mindburst (8)
Scrolls
 c - 6 scrolls of fog
 l - 3 scrolls of teleportation
 r - a scroll of enchant armour
 t - 3 scrolls of amnesia
 x - 3 scrolls of silence
 D - 10 scrolls of identify
 I - 2 scrolls of blinking
Potions
 f - 5 potions of haste
 g - a potion of heal wounds
 n - 3 potions of curing
 o - 7 potions of might
 s - a potion of magic
 B - 4 potions of invisibility
 C - 5 potions of cancellation
 J - 5 potions of ambrosia
 N - 2 potions of brilliance
Miscellaneous
 v - a tin of tremorstones (2/2)


   Skills:
 + Level 13.3 Fighting
 + Level 11.7 Short Blades
 + Level 12.5 Long Blades
 + Level 11.7 Axes
 + Level 11.7 Maces & Flails
 + Level 11.7 Polearms
 + Level 11.7 Staves
 + Level 11.7 Slings
 + Level 11.7 Bows
 + Level 11.7 Crossbows
 + Level 11.7 Throwing
 + Level 11.7 Armour
 + Level 12.5 Dodging
 + Level 14.8 Stealth
 + Level 11.7 Shields
 + Level 11.7 Unarmed Combat
 + Level 11.7 Spellcasting
 + Level 9.9 Conjurations
 + Level 9.9 Hexes
 + Level 9.9 Summonings
 + Level 9.9 Necromancy
 + Level 9.9 Translocations
 + Level 9.9 Transmutations
 + Level 9.9 Fire Magic
 + Level 9.9 Ice Magic
 + Level 9.9 Air Magic
 + Level 9.9 Earth Magic
 + Level 9.9 Poison Magic
 + Level 12.7 Invocations
 + Level 11.7 Evocations


You had 3 spell levels left.
You knew the following spells:

 Your Spells              Type           Power      Damage    Failure   Level
a - Swiftness             Air            41%        N/A       1%          3
b - Airstrike             Air            20%        N/A       4%          4
c - Tukima's Dance        Hex            41%        N/A       1%          3
d - Mephitic Cloud        Conj/Pois/Air  41%        N/A       1%          3
e - Summon Mana Viper     Hex/Summ       41%        N/A       13%         5
f - Passage of Golubria   Tloc           N/A        N/A       4%          4
g - Freezing Cloud        Conj/Ice/Air   20%        6-21      13%         5
h - Silence               Hex/Air        20%        N/A       13%         5
i - Animate Dead          Necr           20%        N/A       4%          4

Your spell library contained the following spells:

 Spells                   Type           Power      Damage    Failure   Level
 Magic Dart               Conj           100%       1d8       1%          1
 Sandblast                Erth           82%        2d17      1%          1
 Shock                    Conj/Air       100%       1d9       1%          1
 Sting                    Tmut/Pois      100%       1d8       1%          1
 Ensorcelled Hibernation  Hex/Ice        82%        N/A       1%          2
 Passwall                 Tmut/Erth      34%        N/A       1%          2
 Poisonous Vapours        Pois/Air       82%        N/A       1%          2
 Scorch                   Fire           82%        2d9       1%          2
 Searing Ray              Conj           82%        2d7       1%          2
 Frozen Ramparts          Ice            82%        1d10      1%          3
 Ignite Poison            Fire/Tmut/Pois 41%        N/A       1%          3
 Spider Form              Tmut/Pois      20%        N/A       1%          3
 Stone Arrow              Conj/Erth      82%        3d12      1%          3
 Flame Wave               Conj/Fire      41%        3d8       4%          4
 Fulminant Prism          Conj/Hex       20%        3d13      4%          4
 Ice Form                 Ice/Tmut       41%        N/A       4%          4
 Leda's Liquefaction      Hex/Erth       20%        N/A       4%          4
 Olgreb's Toxic Radiance  Pois           41%        N/A       4%          4
 Summon Ice Beast         Ice/Summ       41%        N/A       4%          4
 Summon Lightning Spire   Summ/Air       41%        N/A       4%          4
 Borgnjor's Vile Clutch   Necr/Erth      20%        N/A       13%         5
 Fireball                 Conj/Fire      20%        3d10      13%         5
 Summon Forest            Summ/Tloc      20%        N/A       13%         5
 Yara's Violent Unravell  Hex/Tmut       20%        3d9       13%         5
 Death Channel            Necr           20%        N/A       56%         6
 Simulacrum               Ice/Necr       20%        N/A       56%         6
 Starburst                Conj/Fire      20%        6d7       56%         6
 Summon Cactus Giant      Summ           20%        N/A       56%         6
 Ignition                 Fire           20%        3d7       100%        8
 Maxwell's Capacitive Co  Air            20%        ∞         100%        8
 Chain Lightning          Conj/Air       20%        3d27      100%        9
 Polar Vortex             Ice            20%        N/A       100%        9


Dungeon Overview and Level Annotations

Branches:
Dungeon (15/15)            Temple (1/1) D:5            Lair (6/6) D:8
  Swamp (0/4) Lair:2        Snake (4/4) Lair:4        Slime (0/5) Lair:6
    Orc (2/2) D:11            Elf (1/3) Orc:2        Vaults (0/5) D:13
 Depths (0/4) D:15        Volcano (visited)

Altars:
Ashenzari
Cheibriados
Elyvilon
Fedhas
Gozag
Hepliaklqana
Nemelex Xobeh
Trog
Uskayaw
Wu Jian
Yredelemnul
Zin
The Shining One
Jiyva

Shops:
D:12 (   Orc:1 ?   Orc:2 [!?!

Annotations:
D:15 2 exclusions
Lair:1 exclusions: death yak and 1 more exclusion
Lair:5 Snorg
Snake:2 2 transporters, Tamablel's ghost, adept DsBe
Snake:3 6 exclusions
Snake:4 1 exclusion


Innate Abilities, Weirdness & Mutations

You have very sharp teeth.
Your uncanny sense of smell can sniff out nearby items.
Your experience applies equally to all skills.


Message History

You block the naga's attack. You block the naga warrior's attack.
The naga warrior constricts you.
Unknown command.
You whack the naga warrior!
The naga warrior is lightly wounded.
The naga warrior hits you with a +0 trident!
Unknown command.
You closely miss the naga warrior.
The naga warrior is lightly wounded.
The naga spits poison at you.
The splash of poison hits you but does no damage.
You resist. The naga warrior spits poison at you.
The splash of poison hits you.
You are poisoned.
You resist. The naga spits poison at you.
The splash of poison hits you but does no damage.
You resist.
The naga warrior hits you with a +0 glaive!!
* * * LOW HITPOINT WARNING * * *
The naga warrior constricts you. The naga warrior spits poison at you.
The splash of poison hits you but does no damage.
You resist.
Magic scrolls do not work when you're silenced!
You feel much better.
You feel sick.
The naga warrior hits you with a +0 battleaxe!
The naga hits you with a +0 scimitar.
The naga warrior hits you with a +0 glaive!!
* * * LOW HITPOINT WARNING * * *
The naga warrior constricts you. You block the naga's attack.
The naga warrior hits you with a +0 trident!!
* * * LOW HITPOINT WARNING * * *
You escape the naga warrior's grasp.
You feel sick. The naga warrior barely misses you.
You block the naga warrior's attack. The naga barely misses you.
The naga grabs you. The naga constricts you.
The naga warrior hits you from afar with a +0 trident!
You die...
Fedhas appreciates your contribution to the ecosystem.

..##
♣♣♣♣♣##........#
### #..<......#
# #.....$..##
#........##
#.........# ∆
#.........#
##........##
#..)......#
####N@)...<..#
#..N)NN......#
#....N.......#
#............#
#............#
#............#
#............
######.......
#.....


You could see 3 naga warriors and 2 nagas.

Vanquished Creatures
  Vashnia (Snake:2)
  Rupert (Lair:5)
  A fire giant (D:15)
  An ettin (D:13)
  Josephine (Snake:1)
  10 hydras
  Erolcha (Orc:2)
  A boulder beetle (Lair:6)
  3 death knights
  2 ogre magi (Orc:2)
  5 naga warriors
  3 centaur warriors
  3 anacondas
  A dancing weapon (Elf:1)
  3 death yaks (D:8)
  12 two-headed ogres
  10 naga sharpshooters
  8 shock serpents
  Urug (Orc:2)
  A fire crab (shapeshifter) (D:13)
  Sonja (Lair:5)
  6 deep elf knights
  A shadow wraith (D:13)
  2 deep trolls (Orc:2)
  A salamander mystic (Snake:1)
  2 naga ritualists
  A deep elf archer (Elf:1)
  2 bog bodies (Lair:2)
  11 deep elf pyromancers
  A wizard (D:10)
  Pikel (D:7)
  A phantasmal warrior (D:15)
  5 deep elf zephyrmancers
  6 mana vipers
  A manticore (D:11)
  4 cyclopes
  An orc sorcerer (Orc:1)
  A moth of wrath (shapeshifter) (D:13)
  4 salamanders
  8 ugly things
  A moth of wrath (D:7)
  Joseph (D:8)
  8 naga magi
  23 black mambas
  2 gargoyles
  A torpor snail (Lair:6)
  3 guardian serpents
  10 cane toads
  Maggie (Lair:1)
  A kobold demonologist (D:9)
  13 komodo dragons
  An efreet (D:15)
  5 rime drakes
  A freezing wraith (D:15)
  8 trolls
  10 polar bears
  A queen bee (shapeshifter) (D:13)
  7 slime creatures
  A raiju (Lair:6)
  2 dream sheep (Lair:6)
  26 blink frogs
  2 shadows
  2 water elementals
  8 wraiths
  A centaur simulacrum (D:14)
  A yak (shapeshifter) (D:14)
  2 wyverns
  A hog (shapeshifter) (D:14)
  Eustachio (D:4)
  34 yaks
  7 basilisks
  3 fire bats
  2 steam dragons
  A fire elemental (Elf:1)
  A vampire mosquito (D:14)
  6 wargs
  27 nagas
  2 acid dragons
  16 hell hounds
  22 water moccasins
  11 black bears
  3 sky beasts
  4 ice beasts
  12 orc warriors
  14 ogres
  18 wolves
  2 lemures (D:7)
  17 centaurs
  4 phantoms
  2 kobold brigands
  9 bullfrogs
  A scorpion (D:5)
  2 gnoll sergeants
  An earth elemental (Elf:1)
  5 killer bees (D:9)
  4 wights (D:8)
  11 howler monkeys
  3 electric eels
  A jelly (D:5)
  4 centaur zombies
  A hound (D:6)
  2 bullfrog skeletons
  17 orc priests
  3 centaur skeletons
  5 iguanas
  20 orc wizards
  A hell rat (D:8)
  A howler monkey zombie (D:9)
  12 gnolls
  6 adders
  2 river rats (D:8)
  2 white imps
  An ufetubus (D:4)
  2 worms
  4 dart slugs
  60 orcs
  9 ball pythons
  2 bats
  9 endoplasms
  2 giant cockroaches
  3 goblins
  7 hobgoblins
  14 jackals
  23 kobolds
  5 quokkas
  A frilled lizard (D:1)
  6 rats
  A ballistomycete spore (D:8)
743 creatures vanquished.

Vanquished Creatures (collateral kills)
  Jorgrun (D:13)
  A boulder beetle (D:14)
  5 two-headed ogres
  A shock serpent (Snake:4)
  The ghost of ALWAYSlose the Skirmisher, a novice MiBe of Trog (D:7)
  An orc knight (Orc:1)
  A deep elf zephyrmancer (Elf:1)
  An ugly thing (D:13)
  A salamander (Snake:1)
  2 cyclopes (Orc:2)
  A komodo dragon (D:7)
  6 trolls (Orc:2)
  A dream sheep (Lair:6)
  A basilisk (D:14)
  3 yaks
  A naga (Snake:4)
  2 wargs
  A water moccasin (Lair:4)
  An ice beast (D:7)
  5 orc warriors
  11 ogres
  2 black bears (Lair:6)
  A wolf (Lair:6)
  A bullfrog (D:7)
  An orc priest (Orc:1)
  6 orcs
  134 ballistomycete spores
193 creatures vanquished.

Vanquished Creatures (others)
  A naga sharpshooter (Snake:1)
  An oklob plant (Snake:1)
  11 dancing weapons
  An orc (Elf:1)
  6 ballistomycete spores
  29 fungi
  71 plants
120 creatures vanquished.

Grand Total: 1056 creatures vanquished

Notes
Turn   | Place    | Note
-------+----------+-------------------------------------------
     0 | D:5      | Reached skill level 9 in Stealth
     0 | D:5      | lawman0 the Gnoll Delver began the quest for the Orb.
     0 | D:5      | Reached XP level 1. HP: 23/23 MP: 1/1
    11 | D:5      | Noticed an ogre
    27 | D:5      | Killed an ogre
    28 | D:5      | Reached skill level 1 in Short Blades
    28 | D:5      | Reached skill level 1 in Axes
    28 | D:5      | Reached skill level 1 in Maces & Flails
    28 | D:5      | Reached skill level 1 in Polearms
    28 | D:5      | Reached skill level 1 in Staves
    28 | D:5      | Reached skill level 1 in Slings
    28 | D:5      | Reached skill level 1 in Bows
    28 | D:5      | Reached skill level 1 in Crossbows
    28 | D:5      | Reached skill level 1 in Throwing
    28 | D:5      | Reached skill level 1 in Armour
    28 | D:5      | Reached skill level 1 in Shields
    28 | D:5      | Reached skill level 1 in Unarmed Combat
    28 | D:5      | Reached skill level 1 in Spellcasting
    28 | D:5      | Reached skill level 1 in Invocations
    28 | D:5      | Reached skill level 1 in Evocations
    28 | D:5      | Reached XP level 2. HP: 5/29 MP: 1/3
    28 | D:5      | Reached XP level 3. HP: 6/35 MP: 1/4
    28 | D:5      | Reached XP level 4. HP: 7/41 MP: 1/5
   286 | D:5      | Found a snail-covered altar of Cheibriados.
   302 | D:5      | Found a blossoming altar of Fedhas.
   308 | D:5      | Became a worshipper of Fedhas Madash
   389 | D:4      | Reached skill level 1 in Conjurations
   389 | D:4      | Reached skill level 1 in Hexes
   389 | D:4      | Reached skill level 1 in Summonings
   389 | D:4      | Reached skill level 1 in Necromancy
   389 | D:4      | Reached skill level 1 in Translocations
   389 | D:4      | Reached skill level 1 in Transmutations
   389 | D:4      | Reached skill level 1 in Fire Magic
   389 | D:4      | Reached skill level 1 in Ice Magic
   389 | D:4      | Reached skill level 1 in Air Magic
   389 | D:4      | Reached skill level 1 in Earth Magic
   389 | D:4      | Reached skill level 1 in Poison Magic
   390 | D:4      | Noticed a phantom
   607 | D:4      | Reached XP level 5. HP: 27/47 MP: 5/7
   792 | D:4      | Noticed a phantom
   827 | D:4      | Killed a phantom
   828 | D:4      | Reached XP level 6. HP: 12/53 MP: 8/8
  1139 | D:4      | Noticed a steam dragon
  1181 | D:4      | Reached skill level 5 in Long Blades
  1181 | D:4      | Reached skill level 5 in Dodging
  1621 | D:3      | Reached * piety under Fedhas
  2672 | D:2      | Reached ** piety under Fedhas
  2779 | D:2      | Found a glowing golden altar of the Shining One.
  3253 | D:1      | Reached XP level 7. HP: 59/59 MP: 10/10
  3276 | D:1      | Found a faded altar of an unknown god.
  3981 | D:4      | Killed a steam dragon
  4744 | D:4      | Noticed Eustachio
  4757 | D:4      | Killed Eustachio
  4758 | D:4      | Reached skill level 10 in Stealth
  5036 | D:5      | Reached XP level 8. HP: 67/67 MP: 12/12
  5120 | D:5      | Reached *** piety under Fedhas
  5187 | D:5      | Found a bloodstained altar of Trog.
  5939 | D:5      | Identified the +1 leather armour "Vedwet" {Rampage Fly
                  | rPois Stlth+}
  5940 | D:5      | sick
  5997 | D:5      | Found a staircase to the Ecumenical Temple.
  6007 | D:5      | Learned a level 3 spell: Swiftness
  6012 | D:5      | Learned a level 4 spell: Airstrike
  6016 | D:5      | Learned a level 3 spell: Tukima's Dance
  6019 | Temple   | Entered the Ecumenical Temple
  6542 | D:6      | lol
  6762 | D:6      | Reached XP level 9. HP: 63/73 MP: 14/14
  7042 | D:6      | Found a hide-covered altar of Uskayaw.
  7887 | D:7      | Noticed Pikel
  7897 | D:7      | Killed Pikel
  7898 | D:7      | Reached skill level 5 in Invocations
  8120 | D:7      | Found a transporter.
  8125 | D:7      | Noticed a komodo dragon
  8125 | D:7      | Noticed ALWAYSlose's ghost (novice MiBe)
  8132 | D:7      | Learned a level 3 spell: Mephitic Cloud
  8136 | D:7      | Learned a level 3 spell: Ignite Poison
  8540 | D:7      | Found a transporter.
  8844 | D:8      | Noticed a death yak
  8959 | D:8      | Noticed Joseph
  8963 | D:8      | Noticed a death yak
  8965 | D:8      | Killed Joseph
  8966 | D:8      | Reached XP level 10. HP: 62/80 MP: 17/17
  8976 | D:8      | Noticed a death yak
  9186 | D:8      | Noticed a two-headed ogre
  9209 | D:8      | Killed a two-headed ogre
  9210 | D:8      | Reached skill level 5 in Short Blades
  9210 | D:8      | Reached skill level 5 in Axes
  9210 | D:8      | Reached skill level 5 in Maces & Flails
  9210 | D:8      | Reached skill level 5 in Polearms
  9210 | D:8      | Reached skill level 5 in Staves
  9210 | D:8      | Reached skill level 5 in Slings
  9210 | D:8      | Reached skill level 5 in Bows
  9210 | D:8      | Reached skill level 5 in Crossbows
  9210 | D:8      | Reached skill level 5 in Throwing
  9210 | D:8      | Reached skill level 5 in Armour
  9210 | D:8      | Reached skill level 5 in Shields
  9210 | D:8      | Reached skill level 5 in Unarmed Combat
  9210 | D:8      | Reached skill level 5 in Spellcasting
  9210 | D:8      | Reached skill level 5 in Evocations
  9230 | D:8      | lol
  9360 | D:8      | Found a staircase to the Lair.
  9398 | D:8      | Noticed a two-headed ogre
  9417 | D:8      | Killed a two-headed ogre
  9418 | D:8      | Reached skill level 11 in Stealth
  9818 | D:8      | Killed a death yak
 10013 | D:8      | Killed a death yak
 10085 | D:8      | Killed a death yak
 10086 | D:8      | Reached XP level 11. HP: 41/87 MP: 19/19
 10533 | Lair:1   | Entered Level 1 of the Lair of Beasts
 10557 | Lair:1   | Noticed Maggie
 10602 | Lair:1   | Found a dark tunnel.
 10611 | Volcano  | Entered a volcano
 10640 | Volcano  | Noticed a two-headed ogre
 11092 | Volcano  | Killed a two-headed ogre
 11093 | Volcano  | Reached skill level 5 in Conjurations
 11093 | Volcano  | Reached skill level 5 in Hexes
 11093 | Volcano  | Reached skill level 5 in Summonings
 11093 | Volcano  | Reached skill level 5 in Necromancy
 11093 | Volcano  | Reached skill level 5 in Translocations
 11093 | Volcano  | Reached skill level 5 in Transmutations
 11093 | Volcano  | Reached skill level 5 in Fire Magic
 11093 | Volcano  | Reached skill level 5 in Ice Magic
 11093 | Volcano  | Reached skill level 5 in Air Magic
 11093 | Volcano  | Reached skill level 5 in Earth Magic
 11093 | Volcano  | Reached skill level 5 in Poison Magic
 11378 | Volcano  | Noticed a two-headed ogre
 11584 | Volcano  | Killed a two-headed ogre
 12059 | Lair:1   | You are sucked into a shaft and drop 1 floor!
 12070 | Lair:2   | Noticed a seven-headed hydra
 12090 | Lair:2   | Killed a seven-headed hydra
 12420 | Lair:2   | Found a staircase to the Swamp.
 12646 | Lair:2   | Noticed a bog body
 13490 | Lair:1   | Killed Maggie
 13521 | Lair:1   | Reached skill level 10 in Fighting
 13521 | Lair:1   | Reached skill level 12 in Stealth
 13521 | Lair:1   | Reached XP level 12. HP: 97/97 MP: 21/23
 13791 | Lair:1   | Reached XP level 13. HP: 78/103 MP: 24/24
 16931 | Lair:3   | HP: 2/103 [wolf (9)]
 17625 | Lair:4   | Learned a level 4 spell: Passage of Golubria
 17985 | Lair:4   | Found a staircase to the Snake Pit.
 18839 | Lair:4   | Reached **** piety under Fedhas
 20324 | Lair:5   | Noticed Sonja
 20335 | Lair:5   | Killed Sonja
 20629 | Lair:5   | Noticed Snorg
 20947 | Lair:5   | Noticed Rupert
 20950 | Lair:5   | Paralysed by Rupert for 6 turns
 20963 | Lair:5   | Killed Rupert
 21619 | Lair:6   | Entered Level 6 of the Lair of Beasts
 21860 | Lair:6   | Reached XP level 14. HP: 111/111 MP: 20/26
 22519 | Lair:6   | Reached skill level 10 in Long Blades
 22519 | Lair:6   | Reached skill level 10 in Dodging
 23735 | Lair:6   | Reached skill level 13 in Stealth
 23767 | Lair:6   | Identified the +5 spear "Newtslayer" {antimagic, rPois rC+
                  | Will+}
 24907 | Lair:6   | Reached skill level 10 in Invocations
 25334 | Lair:6   | Found a viscous altar of Jiyva.
 25335 | Lair:6   | Found a staircase to the Slime Pits.
 25638 | Lair:6   | oh
 25638 | Lair:6   | Oooooho
 25680 | Lair:6   | full sicko mode baby
 25685 | Lair:6   | hahahahahahahahahahaha
 25689 | Lair:6   | based
 27932 | D:10     | Entered Level 10 of the Dungeon
 27949 | D:10     | Got Tack's Volume of Combed Thunderclap
 27957 | D:10     | Got Ts'ui Pên's Volume of Forking Paths
 28240 | D:9      | Upgraded the game from 0.28-a0-643-g84cb2ea78e to
                  | 0.28-a0-653-g7e9dba17c3
 29053 | D:10     | Learned a level 5 spell: Freezing Cloud
 29059 | D:10     | Learned a level 5 spell: Silence
 29094 | D:10     | Got the Handbook of Plaster Cramp
 29775 | D:11     | Reached ***** piety under Fedhas
 30431 | D:11     | Reached XP level 15. HP: 96/119 MP: 28/28
 30522 | D:11     | Found a staircase to the Orcish Mines.
 30948 | D:12     | Found Pileff's Weapon Shop.
 32309 | D:13     | Got the Almanac of the Floating Escort
 32327 | D:13     | Learned a level 5 spell: Summon Mana Viper
 32408 | D:13     | Noticed Jorgrun
 32411 | D:13     | oh
 32431 | D:13     | Killed Jorgrun
 32784 | D:13     | Reached skill level 10 in Short Blades
 32784 | D:13     | Reached skill level 10 in Axes
 32784 | D:13     | Reached skill level 10 in Maces & Flails
 32784 | D:13     | Reached skill level 10 in Polearms
 32784 | D:13     | Reached skill level 10 in Staves
 32784 | D:13     | Reached skill level 10 in Slings
 32784 | D:13     | Reached skill level 10 in Bows
 32784 | D:13     | Reached skill level 10 in Crossbows
 32784 | D:13     | Reached skill level 10 in Throwing
 32784 | D:13     | Reached skill level 10 in Armour
 32784 | D:13     | Reached skill level 10 in Shields
 32784 | D:13     | Reached skill level 10 in Unarmed Combat
 32784 | D:13     | Reached skill level 10 in Spellcasting
 32784 | D:13     | Reached skill level 10 in Evocations
 33017 | D:13     | Found a gate to the Vaults.
 34716 | D:14     | Identified a scroll of acquirement
 35099 | D:15     | Entered Level 15 of the Dungeon
 35463 | D:15     | Found a staircase to the Depths.
 35463 | D:15     | Noticed a fire giant
 36630 | D:15     | Killed a fire giant
 37170 | Orc:1    | Entered Level 1 of the Orcish Mines
 37958 | Orc:1    | Found Pibiveock's Magic Scroll Emporium.
 37961 | Orc:1    | Bought a scroll of enchant weapon for 97 gold pieces
 38008 | Orc:2    | Entered Level 2 of the Orcish Mines
 38115 | Orc:2    | Found a staircase to the Elven Halls.
 38127 | Orc:2    | Noticed Urug
 38128 | Orc:2    | h
 38140 | Orc:2    | Killed Urug
 38162 | Orc:2    | Noticed Erolcha
 38165 | Orc:2    | Reached ****** piety under Fedhas
 38166 | Orc:2    | Reached XP level 16. HP: 98/127 MP: 15/30
 38190 | Orc:2    | Killed Erolcha
 38575 | Orc:2    | Reached skill level 14 in Stealth
 38966 | Orc:2    | Found a gateway to a bazaar.
 38984 | Orc:2    | Found Ymeotuw's Distillery.
 38985 | Orc:2    | Found Mozilot's Magic Scroll Shoppe.
 39036 | Orc:2    | Found Joos's Distillery.
 39321 | Orc:2    | Found Jilojibi's Armour Emporium.
 39637 | Bazaar   | Entered a bazaar
 39637 | Bazaar   | Found Leuber's Distillery.
 39637 | Bazaar   | Found Ytwo's General Store.
 39645 | Bazaar   | Bought a scroll of teleportation for 24 gold pieces
 39668 | Bazaar   | Found Daij's Antique Weapon Emporium.
 39668 | Bazaar   | Found Tanug's Jewellery Emporium.
 39684 | Bazaar   | Bought an amulet of reflection for 270 gold pieces
 39692 | Bazaar   | Found Oveuggel's Antique Armour Boutique.
 39700 | Bazaar   | Bought a jewelled scale mail for 315 gold pieces
 39700 | Bazaar   | Identified the +2 scale mail "Huteruy" {rElec rN+ Regen+}
                  | (You bought it in a shop in a bazaar)
 39700 | Bazaar   | Bought a pair of embroidered gloves for 262 gold pieces
 39700 | Bazaar   | Bought a pair of runed boots for 262 gold pieces
 39710 | Bazaar   | BLOOD
 39710 | Bazaar   | Bought a shimmering plate armour for 980 gold pieces
 39710 | Bazaar   | Identified the +0 plate armour "Qimiun" {Dex+2} (You bought
                  | it in a shop in a bazaar)
 39725 | Bazaar   | Bought a potion of curing for 39 gold pieces
 39725 | Bazaar   | Bought a potion of heal wounds for 65 gold pieces
 39725 | Bazaar   | Bought a potion of cancellation for 104 gold pieces
 39725 | Bazaar   | Bought a potion of heal wounds for 65 gold pieces
 39725 | Bazaar   | Bought a potion of curing for 39 gold pieces
 39734 | Bazaar   | Bought a potion of brilliance for 32 gold pieces
 39734 | Bazaar   | Bought a wand of mindburst (14) for 144 gold pieces
 39734 | Bazaar   | Bought a potion of mutation for 64 gold pieces
 39839 | Orc:2    | Acquired a book of Unlife
 39846 | Orc:2    | Learned a level 4 spell: Animate Dead
 39909 | Elf:1    | Entered Level 1 of the Elven Halls
 41524 | D:7      | Identified the +1 pair of gloves of Good Intentions {Dex+2}
 41525 | D:7      | Killed ALWAYSlose's ghost
 41857 | Snake:1  | Entered Level 1 of the Snake Pit
 42270 | Snake:1  | Noticed Josephine
 42293 | Snake:1  | Killed Josephine
 42888 | Snake:1  | Found a bloodstained altar of Trog.
 42904 | Snake:1  | You fall into a shaft and drop 1 floor!
 43240 | Snake:2  | Found a transporter.
 43245 | Snake:2  | Found a bloodstained altar of Trog.
 43245 | Snake:2  | Noticed Tamablel's ghost (adept DsBe)
 43252 | Snake:2  | Found a transporter.
 43272 | Snake:2  | Reached XP level 17. HP: 119/135 MP: 32/32
 43594 | Snake:2  | Noticed Vashnia
 44107 | Snake:2  | Killed Vashnia
 45094 | Snake:3  | Found a runed translucent door.
 45795 | Snake:4  | Entered Level 4 of the Snake Pit
 46244 | Snake:4  | HP: 5/137 [naga warrior (20)]
 46245 | Snake:4  | Slain by a naga warrior

Illustrated notes

.......#....#≈⌠>≈#.###'####♣♣
.......#....#≈≈≈≈#........#
.......#....######........#######
.......'.........................
.......#.........#...............
.......#.........'...............
.......#.........#.........######
.......#...##....#.........#,,,,,
.......#...##...@#.........#,,,,,
.......#.........#.†.......#,,,,,
.......#.........#.........#,,>,,
.......#.........#.........#*****
.......#...##....#.........#,,,,,
.......##'####'###.........#,,,,,
.......#...##....#.........#,,,,,
.......#.........#.........#,,,,,
.......#.........#.........#,,,,,


Turn 5940 on D:5: sick ######## #......######### ####.###.#.........
#..........########## #.##@###..>####...... ..................>#####
####.#..###..#.###.# # .....#..#.###.# #.[.[....#.....# ##.##[#.######.####
#.#..#...........# #####.#.##.######.##.# ..................##.# Turn 6542 on
D:6: lol #.# #.# #.# #.# ##'###### #.......# #.).....# #)......# #)@.P...#
#.......# #.......#### #.......'..# #.......##.# #.......##.# ##'##+####.#
#.##.# #.# #....# #.# Turn 9230 on D:8: lol .......#..#..P.......
............#........ .#..........###....... ....#.....#..##.......
....#......#.##...P... .........#.####.#.... ..##...P#### ##..... #..#..# ###...
#.@..## #.... #/...#.## ##P#. #...#..# ###. ............... #..
................. #.# ......)(...#...... ### .........#........[ ##
........##..P....... #. ...?.........F... ## Turn 25638 on Lair:6: oh
#........##### ##........#.#.##### #...............#.# #P...............##.
##.................. ##................... ######....................
#.##.##.........@......... ..#..#..P......................
.......#....................... ......###........................
....#..##........................ .....#.##...P....................
....#.####.#..................... ..P#### ##...................... #..#
###.................... Turn 25680 on Lair:6: full sicko mode baby
#........##### ##........#.#.##### #...............#.# #P...............##.
##.................. ##................... ######....................
#.##.##.........@......... ..#..#..P......................
.......#....................... ......###........................
....#..##........................ .....#.##...P....................
....#.####.#..................... ..P#### ##...................... #..#
###.................... Turn 25685 on Lair:6: hahahahahahahahahahaha
#........##### ##........#.#.##### #...............#.# #P...............##. ##
##.................. #... ##................... ....######....................
....#.##.##.....@...)......... ......#..#..P....................
...........#..................... ..........###....................
..#.....#..##.................... ..#......#.##...P................
........#.####.#................. .##...P#### ##.................. #..#..#
###................ Turn 25689 on Lair:6: based .........# ..!......# ^........#
........g# .........# .........# .........# .......@(# .......(.# .........#
.>.......# .........# .........# .........# .........# #.........# Turn 32411 on
D:13: oh .o...... ... #. ..... #... ......##.... .#......... ........$.
#.$....... ###..... #......## .#....... ###@.....#. #........$####..........
............#........... ...................##... ....#..............# ..
....##............## . .....#..........#### ...................#
..................... Turn 38128 on Orc:2: h ############# ####.....∩.....###
####.................#### ###.......................###
##......⌠......@......⌠......## ##.............................##
#...............................# .................≈...............
.....∩........≈≈≈≈≈.≈......∩..... ...........≈≈≈≈≈≈≈≈≈≈≈...........
...........≈≈≈≈≈≈≈≈≈≈............ ..........≈≈≈≈≈≈≈≈≈≈≈≈...........
.⌠........≈≈≈≈≈≈≈≈≈≈≈≈.........⌠. Turn 39710 on Bazaar: BLOOD

Levels and vault maps discovered:
D:1:      minmay_arrival_cross, layout_basic,
          shapermc_ecumenical_altar_starsandcircs
D:2:      layout_loops_ring, basic_altar, grunt_ministairs_8,
          minmay_tetromino_i4
D:3:      layout_basic, hangedman_decor_growths
D:4:      layout_layer_cave, uniq_eustachio
D:5:      layout_gridville, mainiacjoe_overflow_chevrons, fedhas_altar_4,
          general_overflow_altar, minmay_temple_entry_fiery
D:6:      layout_basic, nicolae_uskayaw_murder_on_the_dancefloor,
          kennysheep_potato
D:7:      layout_basic, gammafunk_ghost_berserking_beasts, uniq_pikel
D:8:      layout_basic, dpeg_lair_monsters, uniq_joseph
D:9:      layout_long_grid
D:10:     layout_loops_ring, bh_hangedman_babel_library
D:11:     layout_loops_ring, erik_orc_3
D:12:     layout_long_grid, serial_shops, nicolae_shop_window_shopping
D:13:     layout_cross, david_vaults_4, uniq_jorgrun
D:14:     minmay_open_boxes_in_corner, layout_long_grid
D:15:     grunt_enter_depths_giant_problem, layout_basic, serial_glass,
          glass_columns_a, glass_columns_a, minmay_splitting_lines
Temple:   dpeg_five_rooms_temple
Lair:1:   layout_gridlike, nicolae_volcano_entry_two_sided,
          serial_bayou_shore_a, uniq_maggie
Lair:2:   layout_gridlike, skrybe_swamp_entry_bodies, lemuel_old_faithful
Lair:3:   layout_cave_pods, serial_bayou_shore_b
Lair:4:   layout_gridlike, minmay_snake_entry_six_corridors,
          chequers_serial_rivers_micro_e, minivault_27
Lair:5:   layout_regular_city, uniq_sonja, uniq_rupert, uniq_snorg
Lair:6:   hangedman_lair_caniforms_friends, layout_cave_shapes, slime_altar_1
Snake:1:  layout_rooms, lemuel_oklob_altar, uniq_josephine
Snake:2:  layout_rooms, gammafunk_ghost_wrathful_warriors, grunt_megastairs_3,
          uniq_vashnia
Snake:3:  layout_chambers, st_stairs_1, lightli_airlock, uniq_kirke
Snake:4:  minmay_snake_end_coiled, layout_onion, beargit_elvish_explorers,
          minmay_shop_grove, uniq_saint_roka
Orc:1:    layout_caves, serial_shops, nicolae_shop_behind_doors
Orc:2:    st_orc_open, layout_diamond_mine, serial_shops, bzr_entry_islet,
          uniq_urug, uniq_erolcha
Elf:1:    nicolae_elf_arrival_fired_up, layout_geoelf_octagon, orc_legates,
          grunt_megastairs_5

Skill      XL: |  1  2  3  4  5  6  7  8  9 10 11 12 13 14 15 16 17 |
---------------+----------------------------------------------------+-----
Stealth        | 10 11 12 13 14 | 14.8
Short Blades   | 1 2 3 4 5 7 8 9 10 11 | 11.7
Axes           | 1 2 3 4 5 7 8 9 10 11 | 11.7
Maces & Flails | 1 2 3 4 5 7 8 9 10 11 | 11.7
Polearms       | 1 2 3 4 5 7 8 9 10 11 | 11.7
Staves         | 1 2 3 4 5 7 8 9 10 11 | 11.7
Slings         | 1 2 3 4 5 7 8 9 10 11 | 11.7
Bows           | 1 2 3 4 5 7 8 9 10 11 | 11.7
Crossbows      | 1 2 3 4 5 7 8 9 10 11 | 11.7
Throwing       | 1 2 3 4 5 7 8 9 10 11 | 11.7
Armour         | 1 2 3 4 5 7 8 9 10 11 | 11.7
Shields        | 1 2 3 4 5 7 8 9 10 11 | 11.7
Unarmed Combat | 1 2 3 4 5 7 8 9 10 11 | 11.7
Spellcasting   | 1 2 3 4 5 7 8 9 10 11 | 11.7
Invocations    | 1 2 3 4 5 6 8 9 10 11 12 | 12.7
Evocations     | 1 2 3 4 5 7 8 9 10 11 | 11.7
Conjurations   | 1 2 3 4 6 7 8 9 |  9.9
Hexes          | 1 2 3 4 6 7 8 9 |  9.9
Summonings     | 1 2 3 4 6 7 8 9 |  9.9
Necromancy     | 1 2 3 4 6 7 8 9 |  9.9
Translocations | 1 2 3 4 6 7 8 9 |  9.9
Transmutations | 1 2 3 4 6 7 8 9 |  9.9
Fire Magic     | 1 2 3 4 6 7 8 9 |  9.9
Ice Magic      | 1 2 3 4 6 7 8 9 |  9.9
Air Magic      | 1 2 3 4 6 7 8 9 |  9.9
Earth Magic    | 1 2 3 4 6 7 8 9 |  9.9
Poison Magic   | 1 2 3 4 6 7 8 9 |  9.9
Long Blades    | 5 6 7 8 9 10 11 12 | 12.5
Dodging        | 5 6 7 8 9 10 11 12 | 12.5
Fighting       | 7 8 10 11 12 13 | 13.3

Action                   |  1- 3 |  4- 6 |  7- 9 | 10-12 | 13-15 | 16-18 || total
-------------------------+-------+-------+-------+-------+-------+-------++-------
Melee: Falchion          |    10 |   145 |   158 |       |       |       ||   313
       Bite              |       |    12 |    14 |     5 |    95 |    96 ||   222
       Punch             |       |     1 |     1 |     4 |     5 |       ||    11
       Long sword        |       |       |    27 |     8 |       |       ||    35
       Scimitar          |       |       |       |    89 |   271 |       ||   360
       Demon whip        |       |       |       |       |   633 |   661 ||  1294
 Fire: Fustibalus        |       |   134 |   222 |   177 |   621 |   215 ||  1369
Throw: Dart              |       |     1 |     3 |       |    15 |     2 ||    21
 Cast: Tukima's Dance    |       |       |     2 |    12 |    40 |    13 ||    67
       Airstrike         |       |       |       |     5 |    57 |    36 ||    98
       Mephitic Cloud    |       |       |       |     4 |    11 |     5 ||    20
       Freezing Cloud    |       |       |       |       |    30 |    14 ||    44
       Ignite Poison     |       |       |       |       |     1 |       ||     1
       Summon Mana Viper |       |       |       |       |     9 |     5 ||    14
       Silence           |       |       |       |       |     3 |    13 ||    16
       Animate Dead      |       |       |       |       |       |     4 ||     4
Invok: Grow Ballistomyce |       |       |     2 |     8 |    12 |       ||    22
       Wall of Briars    |       |       |       |     3 |    12 |     2 ||    17
       Grow Oklob        |       |       |       |       |     3 |     7 ||    10
Evoke: Wand              |       |       |    21 |     3 |    50 |    25 ||    99
       Tin of tremorston |       |       |       |       |     1 |     2 ||     3
  Use: Scroll            |     1 |     4 |     9 |     6 |    23 |     5 ||    48
       Potion            |       |     1 |     1 |     4 |    10 |     4 ||    20
 Stab: Sleeping          |       |       |     1 |     1 |    14 |     4 ||    20
       Confused          |       |       |       |     1 |     7 |     2 ||    10
       Distracted        |       |       |       |       |    10 |     5 ||    15
       Paralysed         |       |       |       |       |    10 |     9 ||    19
Armor: Leather armour    |       |    30 |    67 |    40 |   259 |    25 ||   421
       Steam dragon scal |       |       |    16 |       |       |       ||    16
       Scale mail        |       |       |       |       |       |   154 ||   154
Dodge: Dodged            |     6 |   127 |   182 |   115 |   683 |   227 ||  1340
Block: Buckler           |       |       |       |       |   121 |   279 ||   400
       Reflection        |       |       |       |       |       |    49 ||    49

Table legend: (Time is in decaauts)
 A = Elapsed time spent in this place.
 B = Non-inter-level travel time spent in this place.
 C = Inter-level travel time spent in this place.
 D = Time resting spent in this place.
 E = Time spent auto-exploring this place.
 F = Levels seen in this place.
 G = Mean time per level.
                   A        B        C        D        E       F      G
               +--------+--------+--------+--------+--------+-----+--------+
         Total |  45734 |  43988 |   1746 |  12678 |  20984 |  31 | 1475.3 |
       Dungeon |  21506 |  20455 |   1051 |   4568 |  11416 |  15 | 1433.7 |
        Temple |    121 |     76 |     45 |      0 |     71 |   1 |  121.0 |
          Lair |  14845 |  14456 |    389 |   5614 |   5889 |   6 | 2474.2 |
     Snake Pit |   4122 |   4007 |    115 |    515 |   2214 |   4 | 1030.5 |
  Orcish Mines |   2536 |   2419 |    117 |    452 |   1292 |   2 | 1268.0 |
   Elven Halls |   1294 |   1266 |     28 |    904 |     65 |   1 | 1294.0 |
        Bazaar |    178 |    178 |      0 |      0 |     37 |   1 |  178.0 |
       Volcano |   1128 |   1128 |      0 |    624 |      0 |   1 | 1128.0 |
               +--------+--------+--------+--------+--------+-----+--------+

Top non-repeatable levels by time:
  Lair:6: 4492 daAuts
  Lair:4: 2593 daAuts
  Lair:2: 2313 daAuts
     D:9: 2039 daAuts
  Lair:3: 2027 daAuts
    D:15: 1940 daAuts
    D:14: 1907 daAuts
  Lair:1: 1903 daAuts
     D:8: 1868 daAuts
     D:4: 1739 daAuts
   Orc:2: 1687 daAuts
     D:5: 1671 daAuts
     D:6: 1535 daAuts
  Lair:5: 1514 daAuts
 Snake:3: 1509 daAuts
